 Dungeon Crawl Stone Soup version 0.23.0-3-gf3c87f2 (webtiles) character file.

Game seed: 8336097062984207697

79 Pariah the Magician (level 4, 0/40 HPs)
             Began as a Troll Wizard on Feb 21, 2019.
             Slain by an orc
             ... wielding a +0 hand axe
              (4 damage)
             ... on level 3 of the Dungeon.
             The game lasted 00:06:20 (946 turns).

Pariah the Magician (Troll Wizard)                   Turns: 946, Time: 00:06:20

Health: 0/40       AC:  6    Str: 15    XL:     4   Next: 17%
Magic:  5/6        EV: 10    Int: 15    God:
Gold:   109        SH:  0    Dex:  8    Spells: 6/7 levels left

rFire    . . .     SeeInvis .   g - +0 spear (freeze)
rCold    . . .     Gourm    +   (no shield)
rNeg     . . .     Faith    .   a - +0 robe
rPois    .         Spirit   .   b - +0 hat
rElec    .         Reflect  .   (no cloak)
rCorr    +         Harm     .   (gloves unavailable)
MR       .....                  (boots unavailable)
Stlth    +.........             (no amulet)
HPRegen  0.53/turn              i - ring of resist corrosion
MPRegen  0.10/turn              (no ring)

@: very slightly contaminated
A: large, unfitting armour, claws 3, fast metabolism 3, gourmand, regeneration
1, shaggy fur 1, tough skin 3
a: no special abilities


You were on level 3 of the Dungeon.
You were not hungry.

You visited 1 branch of the dungeon, and saw 3 of its levels.

You collected 109 gold pieces.

Inventory:

Hand Weapons
 e - a +0 hand axe
 g - a +0 spear of freezing (weapon)
Armour
 a - a +0 robe (worn)
 b - a +0 hat (worn)
 c - a +0 ring mail
 h - a +0 ring mail of cold resistance
Jewellery
 i - a ring of resist corrosion (left claw)
Potions
 f - a potion of curing


   Skills:
 + Level 0.7 Fighting
 + Level 0.7(0.8) Axes
 + Level 2.3 Dodging
 + Level 1.0 Stealth
 + Level 1.0 Unarmed Combat
 + Level 2.4 Spellcasting
 + Level 0.7 Conjurations
   Level 0.6 Summonings
   Level 0.6 Translocations


You had 6 spell levels left.
You knew the following spells:

 Your Spells              Type           Power        Failure   Level  Hunger
a - Magic Dart            Conj           #...         16%         1    #......

Your spell library contained the following spells:

 Spells                   Type           Power        Failure   Level  Hunger
 Blink                    Tloc           N/A          26%         2    ###....
 Call Imp                 Summ           #.......     26%         2    ###....
 Slow                     Hex            #.......     32%         2    ###....
 Conjure Flame            Conj/Fire      #.......     50%         3    ###....
 Mephitic Cloud           Conj/Pois/Air  #.......     50%         3    ###....


Dungeon Overview and Level Annotations

Branches:
Dungeon (3/15)

Altars:


Innate Abilities, Weirdness & Mutations

You are too large for most types of armour.
You have claws for hands.
Your metabolism is lightning-fast.
You like to eat raw meat.
Your natural rate of healing is unusually fast.
You are covered in fur. (AC +1)
You have extremely tough skin. (AC +3)


Message History

The orc hits you with a +0 hand axe.
You closely miss the orc.
The orc is severely wounded.
The orc hits you with a +0 hand axe.
* * * LOW HITPOINT WARNING * * *
You barely miss the orc.
The orc is severely wounded.
The orc hits you with a +0 hand axe.
* * * LOW HITPOINT WARNING * * *
You barely miss the orc.
The orc is severely wounded.
The orc hits you with a +0 hand axe.
* * * LOW HITPOINT WARNING * * *
You closely miss the orc.
The orc is severely wounded.
The orc hits you but does no damage.
You closely miss the orc.
The orc is severely wounded.
The orc hits you with a +0 hand axe.
You die...

#..# #..#
#..# #..#
#..# #..#
#.<#
#.########.##
......o@....#
#############


You could see an orc.

Vanquished Creatures
  An orc priest (D:3)
  An adder (D:2)
  3 dart slugs
  2 leopard geckos (D:2)
  3 orcs (D:3)
  A giant cockroach (D:1)
  5 goblins
  2 hobgoblins (D:2)
  2 jackals (D:2)
  5 bats (D:2)
  3 frilled lizards
28 creatures vanquished.

Notes
Turn   | Place    | Note
-------+----------+-------------------------------------------
     0 | D:1      | Pariah the Troll Wizard began the quest for the Orb.
     0 | D:1      | Reached XP level 1. HP: 16/16 MP: 2/2
   231 | D:1      | Reached XP level 2. HP: 24/24 MP: 4/4
   709 | D:2      | Reached XP level 3. HP: 13/31 MP: 5/5
   920 | D:3      | Reached skill level 1 in Unarmed Combat
   920 | D:3      | Reached XP level 4. HP: 28/40 MP: 2/6
   944 | D:3      | HP: 2/40 [orc/+0 hand axe (6)]
   946 | D:3      | Slain by an orc

Skill      XL: |  1  2  3 |
---------------+----------+-----
Dodging        | 2 |  2.3
Unarmed Combat | 1 |  1.0
Fighting       | |  0.7
Axes           | |  0.7
Stealth        | |  1.0
Spellcasting   | |  2.4
Conjurations   | |  0.7
Summonings     | |  0.6
Translocations | |  0.6

Action                   |  1- 3 |  4- 6 || total
-------------------------+-------+-------++-------
Melee: Unarmed           |    47 |       ||    47
       Hand axe          |    34 |       ||    34
       Spear             |    22 |    24 ||    46
 Cast: Magic Dart        |    14 |       ||    14
  Use: Scroll            |     3 |       ||     3
       Potion            |     1 |       ||     1
  Eat: Ration            |     2 |     1 ||     3
Armor: Robe              |   126 |     2 ||   128
Dodge: Dodged            |   117 |    12 ||   129
